 Dungeon Crawl Stone Soup version 0.30-a0-1043-g60ff8d5f49 (webtiles) character file.

Game seed: 14505497884174464071

1502 BlueFish the Sneak (level 8, -4/52 HPs)
             Began as an Octopode Venom Mage on Apr 10, 2023.
             Was an Initiate of Cheibriados.
             Slain by an ogre
             ... wielding a +0 giant club
              (25 damage)
             ... on level 6 of the Dungeon.
             The game lasted 00:16:41 (7083 turns).

BlueFish the Sneak (Octopode Venom Mage)            Turns: 7083, Time: 00:16:41

Health: -4/52      AC:  1    Str: 10    XL:     8   Next: 82%
Magic:  10/13      EV: 14    Int: 18    God:    Cheibriados [......]
Gold:   242        SH:  0    Dex: 14    Spells: 7/14 levels left

rFire   . . .      SeeInvis .      - Unarmed
rCold   + . .      Faith    .    (no shield)
rNeg    . . .      Spirit   .    (helmet restricted)
rPois   +          Reflect  .    (no amulet)
rElec   .          Rampage  .    n - ring of poison resistance
rCorr   .                        p - ring of protection from cold
Will    .....                    (no ring)
Stlth   +++++                    (no ring)
HPRegen 0.28/turn                (no ring)
MPRegen 0.13/turn                (no ring)
                                 (no ring)
                                 (no ring)

@: very slow
A: almost no armour, amphibious, 8 rings, camouflage 1, gelatinous body 1,
(nimble swimmer 1), tentacles
a: Renounce Religion


You were on level 6 of the Dungeon.
You worshipped Cheibriados.
Cheibriados was noncommittal.
You visited 1 branch of the dungeon, and saw 6 of its levels.

You collected 242 gold pieces.

Inventory:

Jewellery
 n - a ring of poison resistance (left tentacle)
 p - a ring of protection from cold (right tentacle)
Wands
 e - a wand of mindburst (7)
Scrolls
 c - a scroll of enchant weapon
 h - a scroll of poison {unknown}
 i - a scroll of immolation
 j - a scroll of fear {unknown}
 o - a scroll of silence {unknown}
 r - a scroll of fog {unknown}
Potions
 a - 2 potions of magic
 b - a potion of mutation
 f - 4 potions of curing
 g - a potion of invisibility
 k - a potion of lignification
 q - a potion of ambrosia {unknown}
 s - a potion of cancellation {unknown}
 t - a potion of degeneration {unknown}
 u - a potion of heal wounds


   Skills:
 + Level 3.2 Fighting
 + Level 3.9 Dodging
 * Level 7.9 Stealth
 + Level 3.1 Unarmed Combat
 + Level 3.7 Spellcasting
 + Level 3.4 Transmutations
 * Level 7.0 Poison Magic


You had 7 spell levels left.
You knew the following spells:

 Your Spells              Type           Power      Damage    Failure   Level
a - Sting                 Tmut/Pois      88%        1d7       1%          1
b - Poisonous Vapours     Pois/Air       32%        N/A       5%          2
c - Olgreb's Toxic Radia  Pois           28%        N/A       9%          4

Your spell library contained the following spells:

 Spells                   Type           Power      Damage    Failure   Level
 Magic Dart               Conj           12%        1d3       16%         1
 Mephitic Cloud           Conj/Pois/Air  11%        N/A       17%         3
 Call Imp                 Summ           6%         N/A       22%         2
 Eringya's Noxious Bog    Tmut/Pois      11%        N/A       95%         6
 Summon Forest            Summ/Tloc      1%         N/A       99%         5
 Summon Hydra             Summ           1%         N/A       100%        7


Dungeon Overview and Level Annotations

Branches:
Dungeon (6/15)             Temple (0/1) D:5

Altars:
Cheibriados
Hepliaklqana
Wu Jian
Xom


Innate Abilities, Weirdness & Mutations

You cannot wear most types of armour.
You are amphibious.
You can wear up to eight rings at the same time.
Your skin changes colour to match your surroundings (Stealth+).
Your rubbery body absorbs attacks. (AC +1, EV +1)
((You are camouflaged when in or above water. (Stealth+)))
You have tentacles for arms and can constrict up to eight enemies at once.


Message History

Confirm with . or Enter, or press ? or * to list all spells.
Aiming: Sting (safe; 1% risk of failure)
Press: ? - help, Shift-Dir - straight line, f - ogre
Aim: an ogre, wielding a +0 giant club (89% to hit)
The sting hits the ogre.
The ogre is poisoned.
The ogre is lightly wounded.
An ice beast comes into view.
The ogre hits you with a +0 giant club!!
Ouch! That really hurt!
Blink to where?
Press: ? - help, Dir - move target, p - ogre
As you read the scroll of blinking, it crumbles to dust.
As you read the scroll labelled NEVVEA RESSUTI, it crumbles to dust.
It is a scroll of amnesia.
Really abort (and waste the scroll)?
Okay, then.
Okay, then.
Casting: Sting (safe; 1% risk of failure)
Confirm with . or Enter, or press ? or * to list all spells.
Aiming: Poisonous Vapours (safe; 5% risk of failure)
Press: ? - help, Dir - move target, f - ogre
Aim: an ogre, wielding a +0 giant club (moderately wounded) Poisonous vapours surround the ogre!
The ogre is poisoned.
Aiming: Mindburst
Press: ? - help, Shift-Dir - straight line, f/p - ogre
Aim: an ogre, wielding a +0 giant club (moderately wounded, poisoned, chance to affect: 64%)
The ogre's mind is blasted!
Aiming: Mindburst
Press: ? - help, Shift-Dir - straight line, f/p - ogre
Aim: an ogre, wielding a +0 giant club (heavily wounded, poisoned, chance to affect: 64%)
The ogre struggles to resist.
Casting: Poisonous Vapours (safe; 5% risk of failure)
Confirm with . or Enter, or press ? or * to list all spells.
Aiming: Sting (safe; 1% risk of failure)
Press: ? - help, Shift-Dir - straight line, f/p - ogre
Aim: an ogre, wielding a +0 giant club (heavily wounded, poisoned, 89% to hit)
The sting hits the ogre.
The ogre looks even sicker.
The ogre is severely wounded.
The ogre hits you with a +0 giant club!!
You die...

#...........#
#..##.O######
#..##..###..#
+. ....#...#
# ##...#...#
#...+...#
#...#...#
+...#...#
#.....O@#
#########


You could see an ogre (very poisoned).

Vanquished Creatures
  Pikel (D:5)
  An ice beast (D:5)
  An ogre (D:5)
  A phantom (D:5)
  Blork the orc (D:5)
  2 scorpions
  A hound (D:5)
  2 jellies (D:2)
  3 orc priests
  A gnoll bouda (D:4)
  Jessica (D:2)
  3 iguanas
  3 orc wizards
  5 gnolls
  7 adders
  A shadow imp (D:5)
  A white imp (D:5)
  4 dart slugs
  27 orcs
  16 endoplasms
  A giant cockroach (D:1)
  8 hobgoblins
  4 jackals (D:1)
  3 quokkas
  7 ball pythons
  5 bats
  2 frilled lizards (D:1)
  A goblin (D:3)
  16 kobolds
  5 rats
134 creatures vanquished.

Vanquished Creatures (others)
  A fungus (D:2)
  7 toadstools (D:2)
8 creatures vanquished.

Grand Total: 142 creatures vanquished

Notes
Turn   | Place    | Note
-------+----------+-------------------------------------------
     0 | D:1      | BlueFish the Octopode Venom Mage began the quest for the
                  | Orb.
     0 | D:1      | Reached XP level 1. HP: 11/11 MP: 3/3
    94 | D:1      | Reached XP level 2. HP: 10/17 MP: 3/5
   130 | D:1      | Learned a level 2 spell: Poisonous Vapours
   879 | D:1      | Reached XP level 3. HP: 22/22 MP: 4/6
  1358 | D:2      | Noticed Jessica
  1367 | D:2      | Killed Jessica
  1368 | D:2      | Reached XP level 4. HP: 27/27 MP: 4/7
  1375 | D:2      | Learned a level 4 spell: Olgreb's Toxic Radiance
  1683 | D:2      | Reached skill level 1 in Fighting
  2049 | D:2      | Reached skill level 1 in Unarmed Combat
  2049 | D:2      | Reached XP level 5. HP: 24/33 MP: 5/8
  3380 | D:3      | Reached XP level 6. HP: 32/38 MP: 7/9
  3487 | D:3      | Reached skill level 5 in Stealth
  3510 | D:3      | Reached skill level 5 in Poison Magic
  4618 | D:4      | Found a shimmering altar of Xom.
  4882 | D:4      | Found a hazy altar of Hepliaklqana.
  4971 | D:4      | Found an ornate altar of the Wu Jian Council.
  4982 | D:4      | Reached XP level 7. HP: 31/44 MP: 6/11
  5155 | D:5      | Entered Level 5 of the Dungeon
  5692 | D:5      | Noticed Blork the orc
  6294 | D:5      | Found a snail-covered altar of Cheibriados.
  6295 | D:5      | Noticed Pikel
  6316 | D:5      | Killed Pikel
  6317 | D:5      | Reached XP level 8. HP: 18/51 MP: 3/13
  6399 | D:5      | Became a worshipper of Cheibriados the Contemplative
  6481 | D:5      | Found a staircase to the Ecumenical Temple.
  6552 | D:5      | Killed Blork the orc
  7083 | D:6      | Slain by an ogre

Illustrated notes

Levels and vault maps discovered:
D:1:      reono_arrival_forest_river, layout_loops_corners, skrybe_limestone_x
D:2:      cheibrodos_fertilizer, layout_basic, minivault_19,
          amcnicky_mini_corridor_feature, nicolae_figureground_pulse,
          uniq_jessica
D:3:      layout_basic, roderic_serpentine_path, minivault_26,
          kennysheep_generic_room_5
D:4:      layout_cave_pools, lemuel_crystal_altar, lemuel_crystal_altar,
          worldfamousw_hep_ancestral_shrine, chequers_serial_rivers_marsh,
          kennysheep_dice
D:5:      layout_basic, cheibriados_altar_1, minmay_temple_entry_waves,
          uniq_blork_the_orc, uniq_pikel
D:6:      layout_gridville

Skill      XL: |  1  2  3  4  5  6  7  8 |
---------------+-------------------------+-----
Stealth        | 3 4 5 7 |  7.9
Poison Magic   | 4 5 6 7 |  7.0
Fighting       | 1 2 3 |  3.2
Unarmed Combat | 1 2 3 |  3.1
Transmutations | 2 3 |  3.4
Dodging        | 3 |  3.9
Spellcasting   | 3 |  3.7

Action                     |  1- 3 |  4- 6 |  7- 9 || total
---------------------------+-------+-------+-------++-------
  Melee: Unarmed           |    33 |   119 |    81 ||   233
         Tentacles         |    12 |    39 |    23 ||    74
         Constrict         |    12 |    23 |    14 ||    49
         Punch             |       |     3 |     5 ||     8
   Cast: Sting             |    29 |    77 |    34 ||   140
         Poisonous Vapours |       |     9 |    12 ||    21
         Olgreb's Toxic Ra |       |     2 |     5 ||     7
  Evoke: Wand              |       |       |     2 ||     2
    Use: Scroll            |       |     3 |     9 ||    12
         Potion            |       |       |     5 ||     5
   Stab: Sleeping          |     1 |       |       ||     1
 Armour: Skin              |       |     8 |     1 ||     9
  Dodge: Dodged            |    19 |    59 |    55 ||   133

Table legend: (Time is in decaauts)
 A = Elapsed time spent in this place.
 B = Non-inter-level travel time spent in this place.
 C = Inter-level travel time spent in this place.
 D = Time resting spent in this place.
 E = Time spent auto-exploring this place.
 F = Levels seen in this place.
 G = Mean time per level.
                   A        B        C        D        E       F      G
               +--------+--------+--------+--------+--------+-----+--------+
         Total |   7145 |   6912 |    233 |    481 |   5198 |   6 | 1190.8 |
       Dungeon |   7145 |   6912 |    233 |    481 |   5198 |   6 | 1190.8 |
               +--------+--------+--------+--------+--------+-----+--------+

Top non-repeatable levels by time:
     D:2: 1789 daAuts
     D:5: 1596 daAuts
     D:3: 1469 daAuts
     D:1: 1191 daAuts
     D:4: 1055 daAuts
     D:6: 43 daAuts
